Blues vs Avalanche
Created - December 5, 2024 at 19:37
Goals
|
| Blues |
0 |
0 |
4 |
0 |
4 |
| Avalanche |
1 |
3 |
0 |
1 |
5 |
|
Shots
|
| Blues |
9 |
7 |
15 |
0 |
31 |
| Avalanche |
10 |
10 |
6 |
2 |
28 |
|
1st period
1. Avalanche , Ryan O'Reilly 4 (Rickard Rakell 5, Erik Karlsson 5) at 1:56
Penalties :
Nikolaj Ehlers (Stl) for Tripping (Minor) at 1:59, Brandon Montour (Stl) for Cross-checking (Minor) at 9:33, Ethan Bear (Stl) for Tripping (Minor) at 19:05
2nd period
2. Avalanche , Rickard Rakell 9 (Andrei Kuzmenko 10, Ryan O'Reilly 5) at 8:02
3. Avalanche , Bryan Little 5 (Nick Cousins 7, Joseph Blandisi 6) at 10:56
4. Avalanche , Joseph Blandisi 4 (Jacob Slavin 10, Bryan Little 13) at 18:57
Penalties :
Filip Forsberg (Stl) for Tripping (Minor) at 1:49, Drake Caggiula (Col) for Roughing (Minor) at 4:28
3rd period
5. Blues , Seth Jones 2 (Travis Sanheim 3) at 2:14
6. Blues , Teuvo Teravainen 6 (Jujhar Khaira 3, Devin Shore 5) at 3:12
7. Blues , Nathan MacKinnon 15 (Filip Forsberg 18) at 8:18 (PP)
8. Blues , Jujhar Khaira 4 (Seth Jones 12, Teuvo Teravainen 11) at 17:39
Penalties :
Jordan Kyrou (Stl) for Unsportsmanlike conduct (Minor) at 4:53, Stefan Elliott (Col) for High sticking (Minor) at 8:03, Rickard Rakell (Col) for Tripping (Minor) at 10:42, Jacob Slavin (Col) for Holding (Minor) at 18:32
Overtime #1
9. Avalanche , Bryan Little 6 (Jean-Gabriel Pageau 8, David Rundblad 6) at 0:42
Penalties :
No Penalty
Goalie Stats
Jake Oettinger (Stl), 11 saves from 12 shots - (0.917), OTL, 1-2-1, 21:45 minutes
Carey Price (Stl), 12 saves from 16 shots - (0.750), 38:57 minutes
Robin Lehner (Col), 27 saves from 31 shots - (0.871), W, 8-8-0, 60:42 minutes
Players Stats for Blues
Player Name G A P +/- PIM S H SB GA TA FO MP PP MP PK MP
------------------------------------------------------------------------------------
Adam Henrique 0 0 0 -2 0 1 2 0 0 0 3/8 12:23 2:19 0:32
Brandon Montour 0 0 0 -1 2 3 2 0 1 1 0/0 21:44 0:11 5:09
Cody Ceci 0 0 0 0 0 0 0 0 0 1 0/0 12:11 0:00 5:09
David Perron 0 0 0 -2 0 2 1 0 0 0 0/0 13:07 2:19 0:37
Devin Shore 0 1 1 3 0 2 1 0 1 0 4/10 15:02 0:00 3:34
Dominik Simon 0 0 0 0 0 0 0 0 0 0 0/0 6:15 0:00 0:00
Drew Shore 0 0 0 0 0 0 2 0 0 1 2/7 11:17 0:00 5:16
Ethan Bear 0 0 0 -1 2 0 0 0 0 0 0/0 15:28 3:34 1:13
Filip Forsberg 0 1 1 -2 2 1 0 1 1 0 1/2 22:05 3:21 0:44
Jordan Kyrou 0 0 0 0 2 1 0 0 0 1 0/0 6:46 0:00 0:00
Josh Morrissey 0 0 0 -3 0 1 2 0 0 0 0/0 21:41 2:06 2:47
Jujhar Khaira 1 1 2 3 0 3 0 0 0 0 0/0 11:08 0:00 0:00
Nathan MacKinnon 1 0 1 -2 0 7 2 3 0 1 14/30 20:38 3:21 0:00
Nick Schmaltz 0 0 0 -2 0 1 0 0 0 0 0/0 14:53 0:05 5:33
Nikolaj Ehlers 0 0 0 -3 2 1 0 0 0 0 0/3 19:14 2:19 0:00
Seth Jones 1 1 2 2 0 3 2 0 2 1 0/0 27:09 3:23 3:59
Teuvo Teravainen 1 1 2 2 0 3 1 0 1 1 2/2 18:32 3:16 3:34
Travis Sanheim 0 1 1 0 0 2 1 0 0 1 0/0 23:05 2:06 1:33
Players Stats for Avalanche
Player Name G A P +/- PIM S H SB GA TA FO MP PP MP PK MP
------------------------------------------------------------------------------------
Andrei Kuzmenko 0 1 1 1 0 4 1 0 3 1 1/1 16:10 4:57 0:00
Anthony Duclair 0 0 0 0 0 0 1 0 0 0 0/0 8:45 0:12 0:00
Bryan Little 2 1 3 3 0 3 0 1 0 0 8/15 17:11 4:57 0:00
David Rundblad 0 1 1 3 0 1 1 1 0 0 0/0 21:47 5:08 3:23
Drake Caggiula 0 0 0 0 2 0 2 0 0 0 1/2 8:33 0:00 0:00
Erik Karlsson 0 1 1 2 0 1 0 2 0 2 0/0 16:21 4:47 0:00
Jack Johnson 0 0 0 1 0 0 0 1 0 0 0/0 20:26 0:00 2:49
Jacob Slavin 0 1 1 1 2 2 2 0 2 2 0/0 24:21 4:47 1:47
Jean-Gabriel Pageau 0 1 1 -1 0 3 1 0 1 0 12/23 20:42 4:49 3:04
Joseph Blandisi 1 1 2 2 0 2 0 1 0 0 0/0 12:16 0:00 0:00
Kyle Clifford 0 0 0 -2 0 3 2 1 1 0 2/3 20:46 4:49 3:18
Nick Cousins 0 1 1 2 0 0 3 1 0 0 2/2 17:02 4:57 0:00
Patric Hornqvist 0 0 0 -2 0 2 0 0 0 0 0/0 14:48 0:00 2:45
Rickard Rakell 1 1 2 1 2 2 2 0 1 0 0/0 16:24 4:58 0:00
Ryan Hartman 0 0 0 0 0 0 0 0 0 0 0/0 8:33 0:00 0:00
Ryan O'Reilly 1 1 2 1 0 5 1 0 0 1 10/16 13:59 0:06 2:45
Stefan Elliott 0 0 0 -1 2 0 0 1 0 0 0/0 22:07 5:08 1:36
Vladislav Gavrikov 0 0 0 -2 0 0 0 2 0 0 0/0 16:21 0:00 2:49
3 Stars
1 - Bryan Little (Col)
2 - Jujhar Khaira (Stl)
3 - Seth Jones (Stl)
Power Play
Blues - 1 on 4 Attempt(s) - 25.00%
Avalanche - 0 on 5 Attempt(s) - 0.00%
Penalty Kill
Blues - 5 on 5 Attempt(s) - 100.00%
- Score 0 goal in Penalty Kill
Avalanche - 3 on 4 Attempt(s) - 75.00%
- Score 0 goal in Penalty Kill
Team Stat
Blues - Hits : 16 - Faceoff Wins : 26 - Blocked Shots : 4 - Penalty Minutes : 10
Avalanche - Hits : 16 - Faceoff Wins : 36 - Blocked Shots : 11 - Penalty Minutes : 8
Official
Referees : Brandon Schrader and Chris Rooney
Linesman : Bryan Pancich and Travis Gawryletz
Game Notes
Cody Ceci is injured at 7:42 of 2nd period (Back Spasms)
Jake Oettinger enters game at 18:57 of 2nd period
Finance
Level 1 -- Attendance: 6000 (100.00%) -- Ticket Income $600,000
Level 2 -- Attendance: 4515 (90.30%) -- Ticket Income $316,050
Level 3 -- Attendance: 1893 (94.65%) -- Ticket Income $75,720
Level 4 -- Attendance: 4000 (100.00%) -- Ticket Income $120,000
Luxury Box -- Attendance: 1000 (100.00%) -- Ticket Income $200,000
Game was played at the Pepsi Center.
Total Attendance: 17408 (96.71%)
Total Ticket Income: $1,311,770
Other Income: $196,766
Total Income: $1,508,536
Blues
5 vs 5 Forward
Center Left Wing Right Wing Time % Phy DF OF
1 Nathan MacKinnon Filip Forsberg Nikolaj Ehlers 40 0 2 3
2 Devin Shore Jujhar Khaira Teuvo Teravainen 30 0 2 3
3 Adam Henrique David Perron Nick Schmaltz 20 1 2 2
4 Drew Shore Dominik Simon Jordan Kyrou 10 0 3 2
5 vs 5 Defense
Defense Defense Time % Phy DF OF
1 Seth Jones Cody Ceci 40 1 2 2
2 Josh Morrissey Brandon Montour 30 1 2 2
3 Ethan Bear Travis Sanheim 20 1 2 2
4 Josh Morrissey Cody Ceci 10 1 2 2
PowerPlay Forward
Center Left Wing Right Wing Time % Phy DF OF
1 Nathan MacKinnon Filip Forsberg Teuvo Teravainen 60 0 2 3
2 Adam Henrique David Perron Nikolaj Ehlers 40 0 2 3
PowerPlay Defense
Defense Defense Time % Phy DF OF
1 Seth Jones Ethan Bear 60 0 2 3
2 Josh Morrissey Travis Sanheim 40 0 2 3
Penalty Kill 4 Players Forward
Center Wing Time % Phy DF OF
1 Drew Shore Nick Schmaltz 60 1 3 1
2 Devin Shore Teuvo Teravainen 40 1 3 1
Penalty Kill 4 Players Defense
Defense Defense Time % Phy DF OF
1 Brandon Montour Cody Ceci 60 1 2 2
2 Josh Morrissey Seth Jones 40 1 2 2
Penalty Kill - 3 Players Forward
Forward Time % Phy DF OF
1 Drew Shore 60 1 2 2
2 Devin Shore 40 1 2 2
Penalty Kill - 3 Players Defense
Defense Defense Time % Phy DF OF
1 Cody Ceci Brandon Montour 60 1 2 2
2 Seth Jones Josh Morrissey 40 1 2 2
4 vs 4 Forward
Center Wing Time % Phy DF OF
1 Nathan MacKinnon Filip Forsberg 60 1 2 2
2 Devin Shore Nikolaj Ehlers 40 1 2 2
4 vs 4 Defense
Defense Defense Time % Phy DF OF
1 Seth Jones Brandon Montour 60 1 2 2
2 Cody Ceci Josh Morrissey 40 1 2 2
Last Minutes Offensive
Center Left Wing Right Wing Defense Defense
Nathan MacKinnon Filip Forsberg Nikolaj Ehlers Seth Jones Travis Sanheim
Last Minutes Defensive
Center Left Wing Right Wing Defense Defense
Drew Shore Jujhar Khaira Teuvo Teravainen Brandon Montour Cody Ceci
Goaltenders
Starting : Carey Price
Backup : Jake Oettinger
Extra Forwards
Normal : Jordan Kyrou, Nikolaj Ehlers, Drew Shore - PP : David Perron, Teuvo Teravainen - PK : Filip Forsberg
Extra Defensemen
Normal : Cody Ceci, Travis Sanheim, Seth Jones - PP : Cody Ceci - PK : Seth Jones, Travis Sanheim
Penalty Shots
Jordan Kyrou, David Perron, Filip Forsberg, Teuvo Teravainen, Devin Shore
Custom OT Lines Forwards
Filip Forsberg, Nathan MacKinnon, Teuvo Teravainen, Nikolaj Ehlers, David Perron, Devin Shore, Adam Henrique, Jujhar Khaira, Drew Shore, Nick Schmaltz
Custom OT Lines Defensemen
Seth Jones, Josh Morrissey, Brandon Montour, Travis Sanheim, Cody Ceci
Scratches
Petter Granberg (Healthy), Luke Glendening (Healthy)
Avalanche
5 vs 5 Forward
Center Left Wing Right Wing Time % Phy DF OF
1 Jean-Gabriel Pageau Kyle Clifford Patric Hornqvist 31 1 2 2
2 Ryan O'Reilly Andrei Kuzmenko Rickard Rakell 31 1 2 2
3 Bryan Little Joseph Blandisi Nick Cousins 27 1 2 2
4 Drake Caggiula Anthony Duclair Ryan Hartman 11 1 2 2
5 vs 5 Defense
Defense Defense Time % Phy DF OF
1 Jack Johnson Jacob Slavin 38 1 2 2
2 Erik Karlsson David Rundblad 30 1 2 2
3 Vladislav Gavrikov Stefan Elliott 28 1 2 2
4 Jack Johnson Jacob Slavin 4 1 2 2
PowerPlay Forward
Center Left Wing Right Wing Time % Phy DF OF
1 Jean-Gabriel Pageau Kyle Clifford Rickard Rakell 50 0 1 4
2 Bryan Little Andrei Kuzmenko Nick Cousins 50 0 1 4
PowerPlay Defense
Defense Defense Time % Phy DF OF
1 Jacob Slavin Erik Karlsson 50 0 2 3
2 Stefan Elliott David Rundblad 50 0 2 3
Penalty Kill 4 Players Forward
Center Wing Time % Phy DF OF
1 Jean-Gabriel Pageau Kyle Clifford 50 1 3 1
2 Ryan O'Reilly Patric Hornqvist 50 1 3 1
Penalty Kill 4 Players Defense
Defense Defense Time % Phy DF OF
1 Jacob Slavin David Rundblad 50 1 3 1
2 Jack Johnson Vladislav Gavrikov 50 1 3 1
Penalty Kill - 3 Players Forward
Forward Time % Phy DF OF
1 Kyle Clifford 55 1 4 0
2 Jean-Gabriel Pageau 45 1 4 0
Penalty Kill - 3 Players Defense
Defense Defense Time % Phy DF OF
1 Jacob Slavin David Rundblad 50 1 4 0
2 Jack Johnson Vladislav Gavrikov 50 1 4 0
4 vs 4 Forward
Center Wing Time % Phy DF OF
1 Jean-Gabriel Pageau Kyle Clifford 50 1 2 2
2 Ryan O'Reilly Andrei Kuzmenko 50 1 2 2
4 vs 4 Defense
Defense Defense Time % Phy DF OF
1 Jacob Slavin Vladislav Gavrikov 55 1 2 2
2 Jack Johnson David Rundblad 45 1 2 2
Last Minutes Offensive
Center Left Wing Right Wing Defense Defense
Jean-Gabriel Pageau Anthony Duclair Patric Hornqvist Erik Karlsson Jacob Slavin
Last Minutes Defensive
Center Left Wing Right Wing Defense Defense
Jean-Gabriel Pageau Kyle Clifford Rickard Rakell Jacob Slavin Jack Johnson
Goaltenders
Starting : Robin Lehner
Backup : Semyon Varlamov
Extra Forwards
Normal : Drake Caggiula, Joseph Blandisi, Ryan Hartman - PP : Anthony Duclair, Ryan O'Reilly - PK : Rickard Rakell
Extra Defensemen
Normal : Vladislav Gavrikov, Stefan Elliott, David Rundblad - PP : Vladislav Gavrikov - PK : Stefan Elliott, Erik Karlsson
Penalty Shots
Andrei Kuzmenko, Anthony Duclair, Bryan Little, Patric Hornqvist, Kyle Clifford
Custom OT Lines Forwards
Kyle Clifford, Jean-Gabriel Pageau, Bryan Little, Patric Hornqvist, Rickard Rakell, Ryan O'Reilly, Andrei Kuzmenko, Nick Cousins, Ryan Hartman, Anthony Duclair
Custom OT Lines Defensemen
Jacob Slavin, Erik Karlsson, Jack Johnson, David Rundblad, Stefan Elliott
Scratches
Jarred Tinordi (Healthy), Luke Witkowski (Healthy)
% Time on Ice - Blues
Lines # - Real PCT - Wanted PCT - Time Play
Normal Forward
1 - 40% - 40% - 17:43
2 - 26% - 30% - 11:28
3 - 21% - 20% - 9:13
4 - 14% - 10% - 6:01
Normal Defense
1 - 43% - 40% - 18:59
2 - 30% - 30% - 13:14
3 - 20% - 20% - 8:48
4 - 8% - 10% - 3:24
PP Forward
1 - 59% - 60% - 3:21
2 - 41% - 40% - 2:19
PP Defense
1 - 63% - 60% - 3:34
2 - 37% - 40% - 2:06
PK Forward
1 - 64% - 60% - 6:21
2 - 36% - 40% - 3:34
PK Defense
1 - 72% - 60% - 7:08
2 - 28% - 40% - 2:47
PK3 Forward
1 - 0% - 60%
2 - 0% - 40%
PK3 Defense
1 - 0% - 60%
2 - 0% - 40%
44 Forward
1 - 100% - 60% - 0:32
2 - 0% - 40% - 0:00
44 Defense
1 - 100% - 60% - 0:32
2 - 0% - 40% - 0:00
Last Minute Offensive - 0:00
Last Minute Defensive - 0:00
Total
Forward - 60:32
Defense - 60:32
|
% Time on Ice - Avalanche
Lines # - Real PCT - Wanted PCT - Time Play
Normal Forward
1 - 28% - 31% - 12:39
2 - 25% - 31% - 11:13
3 - 27% - 27% - 12:00
4 - 19% - 11% - 8:33
Normal Defense
1 - 40% - 38% - 17:47
2 - 29% - 30% - 12:46
3 - 31% - 28% - 13:52
4 - 0% - 4% - 0:00
PP Forward
1 - 50% - 50% - 4:58
2 - 50% - 50% - 4:57
PP Defense
1 - 48% - 50% - 4:47
2 - 52% - 50% - 5:08
PK Forward
1 - 51% - 50% - 2:55
2 - 49% - 50% - 2:45
PK Defense
1 - 50% - 50% - 2:51
2 - 50% - 50% - 2:49
PK3 Forward
1 - 72% - 55% - 0:23
2 - 28% - 45% - 0:09
PK3 Defense
1 - 100% - 50% - 0:32
2 - 0% - 50% - 0:00
44 Forward
1 - 0% - 50%
2 - 0% - 50%
44 Defense
1 - 0% - 55%
2 - 0% - 45%
Last Minute Offensive - 0:00
Last Minute Defensive - 0:00
Total
Forward - 60:32
Defense - 60:32
|
Play-by-Play
1st period
0:01 of 1st period - Nathan MacKinnon wins face-off versus Jean-Gabriel Pageau in neutral zone.
0:12 of 1st period - Snap shot by Nikolaj Ehlers.
0:12 of 1st period - Stopped by Robin Lehner with a rebound.
1:11 of 1st period - Nick Schmaltz is hit by Drake Caggiula.
1:26 of 1st period - Slapshot by David Perron.
1:26 of 1st period - Shot Misses the Net.
1:54 of 1st period - Wrist shot by Rickard Rakell.
1:54 of 1st period - Shot Misses the Net.
1:56 of 1st period - Snap shot by Ryan O'Reilly.
1:56 of 1st period - Goal by Ryan O'Reilly - Blues : 0 - Avalanche : 1.
1:57 of 1st period - Nathan MacKinnon wins face-off versus Bryan Little in neutral zone.
1:59 of 1st period - Minor Penalty to Nikolaj Ehlers for Tripping.
2:00 of 1st period - Jean-Gabriel Pageau wins face-off versus Drew Shore in Blues zone.
2:26 of 1st period - Jacob Slavin is hit by Devin Shore and loses puck.
3:59 of 1st period - Penalty to Nikolaj Ehlers is over, Nikolaj Ehlers is back on ice.
4:00 of 1st period - Josh Morrissey is hit by Kyle Clifford and loses puck.
5:33 of 1st period - Dominik Simon is hit by Jacob Slavin.
5:55 of 1st period - Bryan Little is hit by Seth Jones and loses puck.
6:37 of 1st period - Snap shot by Kyle Clifford.
6:37 of 1st period - Shot Misses the Net.
6:43 of 1st period - Kyle Clifford is hit by Josh Morrissey and loses puck.
7:04 of 1st period - Wrist shot by David Perron.
7:04 of 1st period - Deflect By Nick Schmaltz.
7:04 of 1st period - Shot Misses the Net.
7:04 of 1st period - Puck is out of play.
7:05 of 1st period - Nathan MacKinnon wins face-off versus Bryan Little in Avalanche zone.
7:44 of 1st period - Snap shot by Jean-Gabriel Pageau.
7:44 of 1st period - Stopped by Carey Price without a rebound.
7:45 of 1st period - Ryan O'Reilly wins face-off versus Devin Shore in Blues zone.
7:58 of 1st period - Wrist shot by Andrei Kuzmenko.
7:58 of 1st period - Stopped by Carey Price without a rebound.
7:59 of 1st period - Jean-Gabriel Pageau wins face-off versus Devin Shore in Blues zone.
8:04 of 1st period - Wrist shot by Kyle Clifford.
8:04 of 1st period - Stopped by Carey Price with a rebound.
8:06 of 1st period - Wrist shot by Kyle Clifford.
8:06 of 1st period - Stopped by Carey Price with a rebound.
8:08 of 1st period - Slapshot by Erik Karlsson.
8:08 of 1st period - Stopped by Carey Price without a rebound.
8:09 of 1st period - Devin Shore wins face-off versus Jean-Gabriel Pageau in Blues zone.
8:22 of 1st period - Wrist shot by Kyle Clifford.
8:22 of 1st period - Shot Misses the Net.
9:23 of 1st period - Snap shot by Jean-Gabriel Pageau.
9:23 of 1st period - Deflect By Patric Hornqvist.
9:23 of 1st period - Shot Misses the Net.
9:23 of 1st period - Puck is out of play.
9:24 of 1st period - Ryan O'Reilly wins face-off versus Nikolaj Ehlers in Blues zone.
9:27 of 1st period - Snap shot by Andrei Kuzmenko.
9:27 of 1st period - Stopped by Carey Price without a rebound.
9:28 of 1st period - Nathan MacKinnon wins face-off versus Ryan O'Reilly in Blues zone.
9:31 of 1st period - Snap shot by Andrei Kuzmenko.
9:31 of 1st period - Shot Misses the Net.
9:33 of 1st period - Minor Penalty to Brandon Montour for Cross-checking.
9:34 of 1st period - Bryan Little wins face-off versus Drew Shore in Blues zone.
11:33 of 1st period - Penalty to Brandon Montour is over, Brandon Montour is back on ice.
11:48 of 1st period - Snap shot by Brandon Montour.
11:48 of 1st period - Shot Misses the Net.
11:50 of 1st period - Slapshot by Devin Shore.
11:50 of 1st period - Stopped by Robin Lehner with a rebound.
11:52 of 1st period - Snap shot by Brandon Montour.
11:52 of 1st period - Stopped by Robin Lehner without a rebound.
11:53 of 1st period - Bryan Little wins face-off versus Nathan MacKinnon in Avalanche zone.
12:08 of 1st period - Josh Morrissey is hit by Drake Caggiula and loses puck.
12:45 of 1st period - Slapshot by Brandon Montour.
12:45 of 1st period - Stopped by Robin Lehner with a rebound.
12:47 of 1st period - Snap shot by Josh Morrissey.
12:47 of 1st period - Deflect By Jordan Kyrou.
12:47 of 1st period - Stopped by Robin Lehner with a rebound.
12:49 of 1st period - Slapshot by Josh Morrissey.
12:49 of 1st period - Stopped by Robin Lehner with a rebound.
12:51 of 1st period - Snap shot by Josh Morrissey.
12:51 of 1st period - Deflect By Dominik Simon.
12:51 of 1st period - Shot Blocked by Erik Karlsson.
12:51 of 1st period - Puck is out of play.
12:52 of 1st period - Adam Henrique wins face-off versus Bryan Little in Avalanche zone.
13:19 of 1st period - Jacob Slavin is hit by Teuvo Teravainen and loses puck.
13:42 of 1st period - Kyle Clifford is hit by Drew Shore and loses puck.
14:02 of 1st period - Nathan MacKinnon is hit by David Rundblad and loses puck.
14:43 of 1st period - Teuvo Teravainen is hit by Rickard Rakell and loses puck.
14:48 of 1st period - Wrist shot by Rickard Rakell.
14:48 of 1st period - Shot Misses the Net.
14:50 of 1st period - Wrist shot by Andrei Kuzmenko.
14:50 of 1st period - Stopped by Carey Price without a rebound.
14:51 of 1st period - Ryan O'Reilly wins face-off versus Nathan MacKinnon in Blues zone.
14:54 of 1st period - Wrist shot by Ryan O'Reilly.
14:54 of 1st period - Stopped by Carey Price without a rebound.
14:55 of 1st period - Ryan O'Reilly wins face-off versus Nathan MacKinnon in Blues zone.
16:05 of 1st period - Stefan Elliott is hit by Nathan MacKinnon and loses puck.
16:47 of 1st period - Wrist shot by Drew Shore.
16:47 of 1st period - Shot Misses the Net.
16:49 of 1st period - Backhand shot by Teuvo Teravainen.
16:49 of 1st period - Stopped by Robin Lehner without a rebound.
16:50 of 1st period - Teuvo Teravainen wins face-off versus Bryan Little in Avalanche zone.
17:11 of 1st period - Wrist shot by Teuvo Teravainen.
17:11 of 1st period - Shot Misses the Net.
17:13 of 1st period - Wrist shot by Jujhar Khaira.
17:13 of 1st period - Stopped by Robin Lehner without a rebound.
17:14 of 1st period - Nathan MacKinnon wins face-off versus Ryan O'Reilly in Avalanche zone.
17:43 of 1st period - Snap shot by David Perron.
17:43 of 1st period - Stopped by Robin Lehner without a rebound.
17:44 of 1st period - Jean-Gabriel Pageau wins face-off versus Adam Henrique in Avalanche zone.
18:15 of 1st period - Wrist shot by Ryan O'Reilly.
18:15 of 1st period - Stopped by Carey Price without a rebound.
18:16 of 1st period - Bryan Little wins face-off versus Nathan MacKinnon in Blues zone.
18:43 of 1st period - Ethan Bear is hit by Andrei Kuzmenko and loses puck.
19:05 of 1st period - Minor Penalty to Ethan Bear for Tripping.
19:06 of 1st period - Drew Shore wins face-off versus Bryan Little in Blues zone.
19:42 of 1st period - Snap shot by Devin Shore.
19:42 of 1st period - Shot Misses the Net.
Goals for this period are 0 for Blues vs 1 for Avalanche.
Shots for this period are 9 for Blues vs 10 for Avalanche.
2nd period
0:01 of 2nd period - Nick Cousins wins face-off versus Drew Shore in neutral zone.
1:05 of 2nd period - Penalty to Ethan Bear is over, Ethan Bear is back on ice.
1:14 of 2nd period - Off-side.
1:15 of 2nd period - Filip Forsberg wins face-off versus Drake Caggiula in neutral zone.
1:18 of 2nd period - Slapshot by Travis Sanheim.
1:18 of 2nd period - Stopped by Robin Lehner with a rebound.
1:49 of 2nd period - Minor Penalty to Filip Forsberg for Tripping.
1:50 of 2nd period - Drew Shore wins face-off versus Jean-Gabriel Pageau in Blues zone.
3:49 of 2nd period - Penalty to Filip Forsberg is over, Filip Forsberg is back on ice.
4:19 of 2nd period - Drake Caggiula is hit by Adam Henrique and loses puck.
4:28 of 2nd period - Minor Penalty to Drake Caggiula for Roughing.
4:29 of 2nd period - Nathan MacKinnon wins face-off versus Jean-Gabriel Pageau in Avalanche zone.
4:32 of 2nd period - Wrist shot by Nathan MacKinnon.
4:32 of 2nd period - Stopped by Robin Lehner without a rebound.
4:33 of 2nd period - Jean-Gabriel Pageau wins face-off versus Nathan MacKinnon in Avalanche zone.
4:33 of 2nd period - Jean-Gabriel Pageau is hit by Seth Jones.
5:07 of 2nd period - Snap shot by Patric Hornqvist.
5:07 of 2nd period - Stopped by Carey Price with a rebound.
5:09 of 2nd period - Slapshot by Vladislav Gavrikov.
5:09 of 2nd period - Shot Misses the Net.
6:28 of 2nd period - Penalty to Drake Caggiula is over, Drake Caggiula is back on ice.
6:39 of 2nd period - David Rundblad is hit by Josh Morrissey and loses puck.
6:46 of 2nd period - Josh Morrissey is hit by Nick Cousins and loses puck.
7:41 of 2nd period - Cody Ceci is hit by Jean-Gabriel Pageau and loses puck.
7:42 of 2nd period - Cody Ceci from Blues is injured at 7:42 of 2nd period (Back Spasms).
7:43 of 2nd period - Nathan MacKinnon wins face-off versus Ryan O'Reilly in Blues zone.
7:48 of 2nd period - Snap shot by Seth Jones.
7:48 of 2nd period - Stopped by Robin Lehner without a rebound.
7:49 of 2nd period - Ryan O'Reilly wins face-off versus Nathan MacKinnon in Avalanche zone.
8:02 of 2nd period - Snap shot by Rickard Rakell.
8:02 of 2nd period - Goal by Rickard Rakell - Blues : 0 - Avalanche : 2.
8:03 of 2nd period - Nathan MacKinnon wins face-off versus Kyle Clifford in neutral zone.
8:16 of 2nd period - Snap shot by Nathan MacKinnon.
8:16 of 2nd period - Stopped by Robin Lehner with a rebound.
8:18 of 2nd period - Slapshot by Travis Sanheim.
8:18 of 2nd period - Shot Blocked by Kyle Clifford.
8:20 of 2nd period - Slapshot by Filip Forsberg.
8:20 of 2nd period - Shot Misses the Net.
9:05 of 2nd period - Wrist shot by Drake Caggiula.
9:05 of 2nd period - Shot Misses the Net.
9:15 of 2nd period - Slapshot by Nathan MacKinnon.
9:15 of 2nd period - Deflect By Nikolaj Ehlers.
9:15 of 2nd period - Shot Blocked by Jack Johnson.
9:15 of 2nd period - Puck is out of play.
9:16 of 2nd period - Bryan Little wins face-off versus Nathan MacKinnon in Avalanche zone.
9:26 of 2nd period - Icing by Erik Karlsson.
9:27 of 2nd period - Bryan Little wins face-off versus Nikolaj Ehlers in Avalanche zone.
10:56 of 2nd period - Snap shot by Bryan Little.
10:56 of 2nd period - Goal by Bryan Little - Blues : 0 - Avalanche : 3.
10:57 of 2nd period - Kyle Clifford wins face-off versus Nathan MacKinnon in neutral zone.
13:11 of 2nd period - Wrist shot by Filip Forsberg.
13:11 of 2nd period - Shot Misses the Net.
13:27 of 2nd period - Josh Morrissey is hit by Nick Cousins and loses puck.
13:43 of 2nd period - Off-side.
13:44 of 2nd period - Drake Caggiula wins face-off versus Adam Henrique in neutral zone.
13:59 of 2nd period - Anthony Duclair is hit by Adam Henrique and loses puck.
14:16 of 2nd period - Kyle Clifford is hit by Travis Sanheim and loses puck.
15:23 of 2nd period - Snap shot by Kyle Clifford.
15:23 of 2nd period - Stopped by Carey Price with a rebound.
15:53 of 2nd period - Snap shot by Jacob Slavin.
15:53 of 2nd period - Shot Misses the Net.
15:55 of 2nd period - Wrist shot by Rickard Rakell.
15:55 of 2nd period - Stopped by Carey Price without a rebound.
15:56 of 2nd period - Ryan O'Reilly wins face-off versus Devin Shore in Blues zone.
16:47 of 2nd period - Backhand shot by Nathan MacKinnon.
16:47 of 2nd period - Shot Blocked by David Rundblad.
16:57 of 2nd period - Wrist shot by Nathan MacKinnon.
16:57 of 2nd period - Stopped by Robin Lehner with a rebound.
17:07 of 2nd period - Backhand shot by Jujhar Khaira.
17:07 of 2nd period - Stopped by Robin Lehner with a rebound.
17:09 of 2nd period - Wrist shot by Devin Shore.
17:09 of 2nd period - Stopped by Robin Lehner with a rebound.
17:53 of 2nd period - Slapshot by Andrei Kuzmenko.
17:53 of 2nd period - Deflect By Seth Jones.
17:53 of 2nd period - Shot Misses the Net.
17:53 of 2nd period - Puck is out of play.
17:54 of 2nd period - Devin Shore wins face-off versus Jean-Gabriel Pageau in Blues zone.
18:06 of 2nd period - Kyle Clifford is hit by Brandon Montour and loses puck.
18:47 of 2nd period - Off-side.
18:48 of 2nd period - Bryan Little wins face-off versus Adam Henrique in neutral zone.
18:53 of 2nd period - Slapshot by Jacob Slavin.
18:53 of 2nd period - Shot Misses the Net.
18:55 of 2nd period - Snap shot by Joseph Blandisi.
18:55 of 2nd period - Shot Misses the Net.
18:57 of 2nd period - Wrist shot by Joseph Blandisi.
18:57 of 2nd period - Goal by Joseph Blandisi - Blues : 0 - Avalanche : 4.
18:57 of 2nd period - Jake Oettinger enters game.
18:58 of 2nd period - Jean-Gabriel Pageau wins face-off versus Nathan MacKinnon in neutral zone.
19:09 of 2nd period - Slapshot by Jean-Gabriel Pageau.
19:09 of 2nd period - Stopped by Jake Oettinger with a rebound.
19:15 of 2nd period - Wrist shot by Jean-Gabriel Pageau.
19:15 of 2nd period - Stopped by Jake Oettinger without a rebound.
19:16 of 2nd period - Ryan O'Reilly wins face-off versus Devin Shore in Blues zone.
19:17 of 2nd period - Wrist shot by Andrei Kuzmenko.
19:17 of 2nd period - Stopped by Jake Oettinger with a rebound.
19:19 of 2nd period - Snap shot by Ryan O'Reilly.
19:19 of 2nd period - Stopped by Jake Oettinger without a rebound.
19:20 of 2nd period - Andrei Kuzmenko wins face-off versus Devin Shore in Blues zone.
19:55 of 2nd period - Nick Schmaltz is hit by Rickard Rakell and loses puck.
Goals for this period are 0 for Blues vs 3 for Avalanche.
Shots for this period are 7 for Blues vs 10 for Avalanche.
3rd period
0:01 of 3rd period - Nathan MacKinnon wins face-off versus Jean-Gabriel Pageau in neutral zone.
0:08 of 3rd period - Snap shot by Patric Hornqvist.
0:08 of 3rd period - Stopped by Jake Oettinger with a rebound.
0:10 of 3rd period - Slapshot by Jacob Slavin.
0:10 of 3rd period - Stopped by Jake Oettinger without a rebound.
0:11 of 3rd period - Nathan MacKinnon wins face-off versus Jean-Gabriel Pageau in Blues zone.
0:13 of 3rd period - Icing by Seth Jones.
0:14 of 3rd period - Jean-Gabriel Pageau wins face-off versus Nathan MacKinnon in Blues zone.
0:19 of 3rd period - Slapshot by Jean-Gabriel Pageau.
0:19 of 3rd period - Shot Misses the Net.
0:21 of 3rd period - Snap shot by Kyle Clifford.
0:21 of 3rd period - Shot Blocked by Nathan MacKinnon.
0:23 of 3rd period - Slapshot by Jacob Slavin.
0:23 of 3rd period - Shot Blocked by Nathan MacKinnon.
0:49 of 3rd period - Snap shot by Ryan O'Reilly.
0:49 of 3rd period - Stopped by Jake Oettinger with a rebound.
1:39 of 3rd period - Off-side.
1:40 of 3rd period - Jean-Gabriel Pageau wins face-off versus Nathan MacKinnon in neutral zone.
1:43 of 3rd period - Travis Sanheim is hit by Kyle Clifford and loses puck.
1:54 of 3rd period - Wrist shot by Jean-Gabriel Pageau.
1:54 of 3rd period - Shot Blocked by Filip Forsberg.
1:56 of 3rd period - Snap shot by Patric Hornqvist.
1:56 of 3rd period - Shot Misses the Net.
2:14 of 3rd period - Slapshot by Seth Jones.
2:14 of 3rd period - Goal by Seth Jones - Blues : 1 - Avalanche : 4.
2:15 of 3rd period - Nathan MacKinnon wins face-off versus Jean-Gabriel Pageau in neutral zone.
2:24 of 3rd period - Wrist shot by Nathan MacKinnon.
2:24 of 3rd period - Stopped by Robin Lehner without a rebound.
2:25 of 3rd period - Jean-Gabriel Pageau wins face-off versus Nikolaj Ehlers in Avalanche zone.
2:46 of 3rd period - Wrist shot by Kyle Clifford.
2:46 of 3rd period - Shot Misses the Net.
3:04 of 3rd period - Icing by Patric Hornqvist.
3:05 of 3rd period - Devin Shore wins face-off versus Jean-Gabriel Pageau in Avalanche zone.
3:12 of 3rd period - Wrist shot by Teuvo Teravainen.
3:12 of 3rd period - Goal by Teuvo Teravainen - Blues : 2 - Avalanche : 4.
3:13 of 3rd period - Ryan O'Reilly wins face-off versus Nathan MacKinnon in neutral zone.
3:20 of 3rd period - Wrist shot by Andrei Kuzmenko.
3:20 of 3rd period - Shot Misses the Net.
4:27 of 3rd period - David Rundblad is hit by David Perron and loses puck.
4:36 of 3rd period - Slapshot by Adam Henrique.
4:36 of 3rd period - Shot Blocked by Erik Karlsson.
4:53 of 3rd period - Minor Penalty to Jordan Kyrou for Unsportsmanlike conduct.
4:54 of 3rd period - Bryan Little wins face-off versus Drew Shore in Blues zone.
5:31 of 3rd period - Slapshot by Jacob Slavin.
5:31 of 3rd period - Shot Hit the Post.
5:45 of 3rd period - Nick Schmaltz is hit by Nick Cousins and loses puck.
6:41 of 3rd period - Devin Shore is hit by Jacob Slavin and loses puck.
6:53 of 3rd period - Penalty to Jordan Kyrou is over, Jordan Kyrou is back on ice.
8:03 of 3rd period - Minor Penalty to Stefan Elliott for High sticking.
8:04 of 3rd period - Nathan MacKinnon wins face-off versus Ryan O'Reilly in Avalanche zone.
8:06 of 3rd period - Snap shot by Filip Forsberg.
8:06 of 3rd period - Stopped by Robin Lehner with a rebound.
8:08 of 3rd period - Backhand shot by Brandon Montour.
8:08 of 3rd period - Stopped by Robin Lehner with a rebound.
8:10 of 3rd period - Slapshot by Brandon Montour.
8:10 of 3rd period - Shot Blocked by Vladislav Gavrikov.
8:12 of 3rd period - Snap shot by Filip Forsberg.
8:12 of 3rd period - Shot Misses the Net.
8:14 of 3rd period - Slapshot by Brandon Montour.
8:14 of 3rd period - Deflect By Nathan MacKinnon.
8:14 of 3rd period - Shot Misses the Net.
8:14 of 3rd period - Puck is out of play.
8:15 of 3rd period - Nathan MacKinnon wins face-off versus Jean-Gabriel Pageau in Avalanche zone.
8:18 of 3rd period - Snap shot by Nathan MacKinnon.
8:18 of 3rd period - Goal by Nathan MacKinnon - Blues : 3 - Avalanche : 4.
8:19 of 3rd period - Nathan MacKinnon wins face-off versus Ryan O'Reilly in neutral zone.
8:26 of 3rd period - Slapshot by Seth Jones.
8:26 of 3rd period - Stopped by Robin Lehner with a rebound.
9:12 of 3rd period - Snap shot by Nick Cousins.
9:12 of 3rd period - Shot Misses the Net.
9:14 of 3rd period - Slapshot by Stefan Elliott.
9:14 of 3rd period - Shot Misses the Net.
10:17 of 3rd period - Wrist shot by Filip Forsberg.
10:17 of 3rd period - Shot Blocked by Joseph Blandisi.
10:19 of 3rd period - Snap shot by Nathan MacKinnon.
10:19 of 3rd period - Shot Blocked by Bryan Little.
10:21 of 3rd period - Slapshot by Brandon Montour.
10:21 of 3rd period - Shot Blocked by Nick Cousins.
10:23 of 3rd period - Wrist shot by Nathan MacKinnon.
10:23 of 3rd period - Stopped by Robin Lehner without a rebound.
10:24 of 3rd period - Devin Shore wins face-off versus Ryan O'Reilly in Avalanche zone.
10:25 of 3rd period - Snap shot by Teuvo Teravainen.
10:25 of 3rd period - Stopped by Robin Lehner with a rebound.
10:42 of 3rd period - Minor Penalty to Rickard Rakell for Tripping.
10:43 of 3rd period - Jean-Gabriel Pageau wins face-off versus Nathan MacKinnon in Avalanche zone.
10:57 of 3rd period - Wrist shot by Nathan MacKinnon.
10:57 of 3rd period - Shot Misses the Net.
10:59 of 3rd period - Slapshot by Ethan Bear.
10:59 of 3rd period - Deflect By Nathan MacKinnon.
10:59 of 3rd period - Stopped by Robin Lehner without a rebound.
11:00 of 3rd period - Ryan O'Reilly wins face-off versus Filip Forsberg in Avalanche zone.
12:13 of 3rd period - Ryan O'Reilly is hit by Nathan MacKinnon and loses puck.
12:42 of 3rd period - Penalty to Rickard Rakell is over, Rickard Rakell is back on ice.
12:54 of 3rd period - Kyle Clifford is hit by Drew Shore and loses puck.
13:21 of 3rd period - Wrist shot by Bryan Little.
13:21 of 3rd period - Stopped by Jake Oettinger without a rebound.
13:22 of 3rd period - Bryan Little wins face-off versus Drew Shore in Blues zone.
13:27 of 3rd period - Wrist shot by Joseph Blandisi.
13:27 of 3rd period - Stopped by Jake Oettinger with a rebound.
13:47 of 3rd period - Filip Forsberg is hit by Ryan O'Reilly and loses puck.
14:15 of 3rd period - Slapshot by Travis Sanheim.
14:15 of 3rd period - Shot Blocked by Stefan Elliott.
14:31 of 3rd period - Snap shot by Nathan MacKinnon.
14:31 of 3rd period - Shot Misses the Net.
14:56 of 3rd period - Nikolaj Ehlers is hit by Anthony Duclair and loses puck.
15:38 of 3rd period - Slapshot by Jacob Slavin.
15:38 of 3rd period - Stopped by Jake Oettinger without a rebound.
15:39 of 3rd period - Adam Henrique wins face-off versus Bryan Little in Blues zone.
15:44 of 3rd period - Backhand shot by David Perron.
15:44 of 3rd period - Shot Misses the Net.
15:46 of 3rd period - Snap shot by Nick Schmaltz.
15:46 of 3rd period - Stopped by Robin Lehner without a rebound.
15:47 of 3rd period - Adam Henrique wins face-off versus Bryan Little in Avalanche zone.
15:48 of 3rd period - Slapshot by Travis Sanheim.
15:48 of 3rd period - Deflect By Nick Cousins.
15:48 of 3rd period - Stopped by Robin Lehner without a rebound.
15:49 of 3rd period - Nick Cousins wins face-off versus Adam Henrique in Avalanche zone.
16:21 of 3rd period - Snap shot by David Perron.
16:21 of 3rd period - Shot Hit the Post.
16:23 of 3rd period - Wrist shot by David Perron.
16:23 of 3rd period - Stopped by Robin Lehner with a rebound.
17:27 of 3rd period - Wrist shot by Adam Henrique.
17:27 of 3rd period - Shot Blocked by Vladislav Gavrikov.
17:29 of 3rd period - Snap shot by Adam Henrique.
17:29 of 3rd period - Stopped by Robin Lehner without a rebound.
17:30 of 3rd period - Teuvo Teravainen wins face-off versus Jean-Gabriel Pageau in Avalanche zone.
17:39 of 3rd period - Wrist shot by Jujhar Khaira.
17:39 of 3rd period - Goal by Jujhar Khaira - Blues : 4 - Avalanche : 4.
17:40 of 3rd period - Jean-Gabriel Pageau wins face-off versus Nathan MacKinnon in neutral zone.
17:44 of 3rd period - Jacob Slavin is hit by Brandon Montour and loses puck.
18:02 of 3rd period - Icing by Jean-Gabriel Pageau.
18:03 of 3rd period - Jean-Gabriel Pageau wins face-off versus Devin Shore in Avalanche zone.
18:31 of 3rd period - Slapshot by Jean-Gabriel Pageau.
18:31 of 3rd period - Shot Blocked by Nathan MacKinnon.
18:32 of 3rd period - Minor Penalty to Jacob Slavin for Holding.
18:33 of 3rd period - Ryan O'Reilly wins face-off versus Nathan MacKinnon in Avalanche zone.
19:06 of 3rd period - Slapshot by David Perron.
19:06 of 3rd period - Shot Misses the Net.
19:36 of 3rd period - Icing by David Perron.
19:37 of 3rd period - Jean-Gabriel Pageau wins face-off versus Adam Henrique in Blues zone.
Goals for this period are 4 for Blues vs 0 for Avalanche.
Shots for this period are 15 for Blues vs 6 for Avalanche.
Overtime #1
0:01 of 1st overtime period - Kyle Clifford wins face-off versus Nathan MacKinnon in neutral zone.
0:08 of 1st overtime period - Slapshot by David Rundblad.
0:08 of 1st overtime period - Stopped by Jake Oettinger with a rebound.
0:32 of 1st overtime period - Penalty to Jacob Slavin is over, Jacob Slavin is back on ice.
0:42 of 1st overtime period - Snap shot by Bryan Little.
0:42 of 1st overtime period - Goal by Bryan Little - Blues : 4 - Avalanche : 5.
Goals for this period are 0 for Blues vs 1 for Avalanche.
Shots for this period are 0 for Blues vs 2 for Avalanche.
Output by the SimonT Hockey Simulator (STHS) for Francois Prevost